 Dungeon Crawl Stone Soup version 0.30.0-29-ga12c61a403 (webtiles) character file.

Game seed: 11728933314983042644

928 growler the Insei (level 8, -5/60 HPs)
             Began as a Gnoll Transmuter on June 7, 2023.
             Was a Believer of Cheibriados.
             Killed from afar by a steam dragon (29 damage)
             ... with a ball of steam
             ... on level 5 of the Dungeon.
             The game lasted 00:14:23 (4748 turns).

growler the Insei (Gnoll Transmuter)                Turns: 4748, Time: 00:14:23

Health: -5/60      AC:  2    Str: 13    XL:     8   Next: 11%
Magic:  14/16      EV: 24    Int: 20    God:    Cheibriados [**....]
Gold:   341        SH:  0    Dex: 21    Spells: 7/18 levels left

rFire   . . .        r - melded +1 dagger (venom)
rCold   . . .        (shield currently unavailable)
rNeg    . . .        a - melded +0 robe
rPois   x            (helmet currently unavailable)
rElec   .            (cloak currently unavailable)
rCorr   .            p - melded +0 pair of gloves
SInv    .            (boots currently unavailable)
Will    +....        (no amulet)
Stlth   +++          e - ring of willpower
HPRegen 0.30/turn    (no ring)
MPRegen 0.15/turn

%: no passive effects
@: spider-form, very slow
A: venomous fangs, tiny, (fangs 1), strong nose, distributed training
a: End Transformation, Renounce Religion, Bend Time


You were on level 5 of the Dungeon.
You worshipped Cheibriados.
Cheibriados was pleased with you.
You were a venomous arachnid creature.
You visited 1 branch of the dungeon, and saw 6 of its levels.

You collected 341 gold pieces.

Inventory:

Hand Weapons
 r - a +1 dagger of venom (melded)
Armour
 a - a +0 robe (melded)
 p - a +0 pair of gloves (melded)
Jewellery
 e - a ring of willpower (left front pincers)
 f - a ring of ice
 n - a +6 ring of dexterity
Wands
 l - a wand of flame (18)
Scrolls
 h - 2 scrolls of identify
 k - 3 scrolls of teleportation
 m - a scroll of amnesia {unknown}
 q - a scroll of enchant armour {unknown}
 s - a scroll of summoning {unknown}
 t - a scroll of immolation {unknown}
 u - 2 scrolls of silence {unknown}
 v - a scroll of fog {unknown}
Potions
 b - a potion of lignification
 c - 3 potions of heal wounds
 d - a potion of cancellation
 g - 3 potions of attraction
 i - 4 potions of curing
 j - a potion of might
 o - a potion of berserk rage


   Skills:
 + Level 4.0 Fighting
 + Level 3.1 Short Blades
 + Level 3.1 Long Blades
 + Level 3.1 Axes
 + Level 3.1 Maces & Flails
 + Level 3.1 Polearms
 + Level 3.1 Staves
 + Level 3.1 Ranged Weapons
 + Level 3.1 Throwing
 + Level 3.1 Armour
 + Level 5.5 Dodging
 + Level 3.1 Stealth
 + Level 3.1 Shields
 + Level 7.3 Unarmed Combat
 + Level 5.9 Spellcasting
 + Level 2.5 Conjurations
 + Level 2.5 Hexes
 + Level 2.5 Summonings
 + Level 2.5 Necromancy
 + Level 2.5 Translocations
 + Level 4.6 Transmutations
 + Level 2.5 Fire Magic
 + Level 2.5 Ice Magic
 + Level 2.5 Air Magic
 + Level 2.5 Earth Magic
 + Level 2.5 Poison Magic
 + Level 3.4 Invocations
 + Level 3.1 Evocations


You had 7 spell levels left.
You knew the following spells:

 Your Spells              Type           Power      Damage    Failure   Level
a - Beastly Appendage     Tmut           48%        N/A       7%          1
b - Wereblood             Tmut           24%        N/A       9%          2
c - Spider Form           Tmut/Pois      20%        N/A       21%         3
d - Magic Dart            Conj           60%        1d6       12%         1
e - Ice Form              Ice/Tmut       20%        N/A       45%         4

Your spell library contained the following spells:

 Spells                   Type           Power      Damage    Failure   Level
 Searing Ray              Conj           30%        2d5       17%         2
 Fulminant Prism          Conj/Hex       7%         3d7       58%         4


Dungeon Overview and Level Annotations

Branches:
Dungeon (6/15)             Temple (0/1) D:5

Altars:
Cheibriados
Hepliaklqana
Sif Muna

Shops:
D:2 *=:

Annotations:
D:6 Menkaure


Innate Abilities, Weirdness & Mutations

You are a venomous arachnid creature.
You have venomous fangs.
You are tiny and dextrous.
Your spellcasting is less reliable in this form.
Your armour is entirely melded.
You are incapable of wielding weapons or throwing items.
((You have very sharp teeth.))
Your uncanny sense of smell can sniff out nearby items.
Your experience applies equally to all skills.


Message History

Your +1 dagger of venom stops dripping with poison.
The orc barely misses you. The orc hits you with a +0 dagger.
The steam dragon barely misses you.
The steam dragon claws you but does no damage.
You hit the orc.
You kill the orc!
Cheibriados thoroughly appreciates the change of pace.
The orc completely misses you. The steam dragon barely misses you. x2
You barely miss the steam dragon. You completely miss the steam dragon.
The orc completely misses you. The steam dragon closely misses you.
The steam dragon completely misses you.
You hit the steam dragon but do no damage.
The orc completely misses you. The steam dragon breathes steam at you.
The ball of steam misses you. The orc attacks as you move away!
The orc completely misses you.
The orc is engulfed in a cloud of scalding steam.
The orc dies!
The steam dragon bites you.
The steam dragon claws you but does no damage.
The steam dragon misses you. The steam dragon completely misses you.
Things that are here:
a +0 club; a +0 leather armour; an orc corpse You barely miss the steam dragon.
You hit the steam dragon but do no damage.
The steam dragon is poisoned.
The steam dragon closely misses you. The steam dragon misses you.
You bite the steam dragon!
The steam dragon is heavily wounded.
The steam dragon completely misses you. The steam dragon barely misses you.
You hit the steam dragon.
The steam dragon looks as sick as possible!
The steam dragon is heavily wounded.
The steam dragon misses you. x2
You bite the steam dragon!
The steam dragon looks as sick as possible!
The steam dragon is almost dead.
The steam dragon breathes steam at you. The ball of steam hits you!!
You die...

#........#.......[)..###..## ###
#......#.##...........######
#.####....###..##..........##..#
#.......### #...##.............##
.....########...................#
#..#............##......#..##...#
#..#.#...##...)##.......##.###...
##.......###<##>D..##.####.#.....
.........##...#.s####.###..#.....
.....##..........###.............
......##...##....##.............#
.....###...#..##.#..........>####
#.....#....#.###.....#.......#
#.........##..#.............#####
#.........#..........#......##.#.
.....##..............#..........#
#..................###......###..


You could see a steam dragon (extremely poisoned, catching breath).

Vanquished Creatures
  A water moccasin (D:5)
  An orc warrior (D:6)
  2 black bears
  An ogre (D:4)
  A scorpion (D:5)
  2 orc priests (D:6)
  4 hounds
  3 orc wizards (D:5)
  4 adders
  An ufetubus (D:5)
  3 worms
  3 dart slugs
  13 orcs
  12 endoplasms
  2 giant cockroaches (D:2)
  9 goblins
  8 hobgoblins
  3 quokkas
  3 ball pythons
  3 bats
  3 frilled lizards
  7 kobolds
  5 rats
  A spectral kobold (D:5)
95 creatures vanquished.

Vanquished Creatures (others)
  An orc (D:5)
1 creature vanquished.

Grand Total: 96 creatures vanquished

Notes
Turn   | Place    | Note
-------+----------+-------------------------------------------
     0 | D:1      | growler the Gnoll Transmuter began the quest for the Orb.
     0 | D:1      | Reached XP level 1. HP: 17/17 MP: 6/6
   111 | D:1      | Found a faded altar of an unknown god.
   262 | D:1      | Reached XP level 2. HP: 22/23 MP: 5/7
   809 | D:1      | Learned a level 2 spell: Wereblood
  1051 | D:2      | Reached skill level 5 in Spellcasting
  1051 | D:2      | Reached XP level 3. HP: 24/28 MP: 6/9
  1078 | D:2      | Found Sorch's General Store.
  1105 | D:2      | Found a shimmering blue altar of Sif Muna.
  1164 | D:2      | Found Jaguzuv's Jewellery Boutique.
  1178 | D:2      | Learned a level 3 spell: Spider Form
  1258 | D:2      | Reached skill level 1 in Invocations
  1322 | D:2      | Found Reokem's Book Boutique.
  1805 | D:3      | Reached skill level 1 in Short Blades
  1805 | D:3      | Reached skill level 1 in Long Blades
  1805 | D:3      | Reached skill level 1 in Axes
  1805 | D:3      | Reached skill level 1 in Maces & Flails
  1805 | D:3      | Reached skill level 1 in Polearms
  1805 | D:3      | Reached skill level 1 in Staves
  1805 | D:3      | Reached skill level 1 in Ranged Weapons
  1805 | D:3      | Reached skill level 1 in Throwing
  1805 | D:3      | Reached skill level 1 in Armour
  1805 | D:3      | Reached skill level 1 in Stealth
  1805 | D:3      | Reached skill level 1 in Shields
  1805 | D:3      | Reached skill level 1 in Evocations
  1961 | D:3      | Found a snail-covered altar of Cheibriados.
  1971 | D:3      | Became a worshipper of Cheibriados the Contemplative
  2135 | D:3      | Reached XP level 4. HP: 34/34 MP: 11/11
  2436 | D:3      | Learned a level 1 spell: Magic Dart
  2458 | D:4      | Noticed a black bear
  2470 | D:4      | Killed a black bear
  2471 | D:4      | Reached skill level 1 in Conjurations
  2471 | D:4      | Reached skill level 1 in Hexes
  2471 | D:4      | Reached skill level 1 in Summonings
  2471 | D:4      | Reached skill level 1 in Necromancy
  2471 | D:4      | Reached skill level 1 in Translocations
  2471 | D:4      | Reached skill level 1 in Fire Magic
  2471 | D:4      | Reached skill level 1 in Ice Magic
  2471 | D:4      | Reached skill level 1 in Air Magic
  2471 | D:4      | Reached skill level 1 in Earth Magic
  2471 | D:4      | Reached skill level 1 in Poison Magic
  2471 | D:4      | Reached XP level 5. HP: 26/41 MP: 9/12
  2533 | D:4      | Learned a level 4 spell: Ice Form
  3091 | D:4      | Reached * piety under Cheibriados
  3276 | D:4      | Noticed an ogre
  3293 | D:4      | Killed an ogre
  3294 | D:4      | Reached skill level 5 in Dodging
  3294 | D:4      | Reached XP level 6. HP: 46/47 MP: 5/14
  3392 | D:5      | Entered Level 5 of the Dungeon
  3425 | D:5      | Noticed a water moccasin
  3501 | D:5      | Killed a water moccasin
  3502 | D:5      | Reached XP level 7. HP: 48/52 MP: 10/15
  3506 | D:5      | Reached skill level 7 in Unarmed Combat
  3997 | D:5      | Found a staircase to the Ecumenical Temple.
  4064 | D:5      | Found a hazy altar of Hepliaklqana.
  4583 | D:6      | Reached XP level 8. HP: 31/60 MP: 11/16
  4718 | D:6      | Reached ** piety under Cheibriados
  4720 | D:6      | Noticed Menkaure
  4748 | D:5      | Killed from afar by a steam dragon

Illustrated notes

Levels and vault maps discovered:
D:1:      dreamdust_arrival_beginning_and_end, layout_basic,
          dreamdust_ecumenical_altar_angels_and_demons,
          nicolae_concentric_dashed_squares_mild
D:2:      layout_basic, serial_shops, shop, shop,
          nicolae_shop_tiny_statue_garden, basic_altar
D:3:      layout_loops_ring, cheibriados_altar_1
D:4:      layout_basic
D:5:      layout_cave_pools, nicolae_hepliaklqana_monster_ancestors,
          minmay_temple_entry_junction_2, serial_column_ruins,
          column_ruins_hut_water, column_ruins_hut_water,
          column_ruins_open_small, column_ruins_corridor_straight,
          column_ruins_columns_water, column_ruins_open_large,
          column_ruins_open_tiny
D:6:      layout_gridville, uniq_pikel, uniq_menkaure, uniq_prince_ribbit1

Skill      XL: |  1  2  3  4  5  6  7 |
---------------+----------------------+-----
Spellcasting   | 5 |  5.9
Invocations    | 1 2 3 |  3.4
Short Blades   | 1 2 3 |  3.1
Long Blades    | 1 2 3 |  3.1
Axes           | 1 2 3 |  3.1
Maces & Flails | 1 2 3 |  3.1
Polearms       | 1 2 3 |  3.1
Staves         | 1 2 3 |  3.1
Ranged Weapons | 1 2 3 |  3.1
Throwing       | 1 2 3 |  3.1
Armour         | 1 2 3 |  3.1
Stealth        | 1 2 3 |  3.1
Shields        | 1 2 3 |  3.1
Evocations     | 1 2 3 |  3.1
Fighting       | 3 4 |  4.0
Conjurations   | 1 2 |  2.5
Hexes          | 1 2 |  2.5
Summonings     | 1 2 |  2.5
Necromancy     | 1 2 |  2.5
Translocations | 1 2 |  2.5
Transmutations | 4 |  4.6
Fire Magic     | 1 2 |  2.5
Ice Magic      | 1 2 |  2.5
Air Magic      | 1 2 |  2.5
Earth Magic    | 1 2 |  2.5
Poison Magic   | 1 2 |  2.5
Dodging        | 5 |  5.5
Unarmed Combat | 7 |  7.3

Action                     |  1- 3 |  4- 6 |  7- 9 || total
---------------------------+-------+-------+-------++-------
  Melee: Unarmed           |    92 |    29 |    55 ||   176
         Kick              |    20 |     1 |     2 ||    23
         Headbutt          |    14 |     1 |     2 ||    17
         Bite              |     5 |     5 |     2 ||    12
         Punch             |     4 |     3 |     1 ||     8
         Dagger            |       |    24 |    18 ||    42
   Cast: Beastly Appendage |    34 |     7 |     2 ||    43
         Magic Dart        |       |    57 |    33 ||    90
         Spider Form       |       |     2 |     5 ||     7
         Ice Form          |       |     1 |     1 ||     2
    Use: Scroll            |       |     7 |       ||     7
   Stab: Sleeping          |     4 |       |       ||     4
 Armour: Robe              |    12 |     5 |     6 ||    23
         Skin              |       |     2 |    11 ||    13
  Dodge: Dodged            |    45 |    48 |    83 ||   176
